 Dungeon Crawl Stone Soup version 0.29-a0-520-gc852659d43 (webtiles) character file.

Game seed: 12197223489430813672

19282 inmateoo the Cleaver (level 12, -3/107 HPs)
             Began as a Minotaur Fighter on May 31, 2022.
             Was a High Priest of Okawaru.
             Slain by a frost giant
             ... wielding a +2 battleaxe of freezing
              (19 damage)
             ... on level 9 of the Dungeon.
             The game lasted 00:13:38 (14215 turns).

inmateoo the Cleaver (Minotaur Fighter)            Turns: 14215, Time: 00:13:39

Health: -3/107     AC: 22    Str: 24    XL:     12   Next: 35%
Magic:  15/15      EV:  8    Int:  8    God:    Okawaru [*****.]
Gold:   1034       SH: 17    Dex: 17    Spells: 11/11 levels left

rFire   . . .      SeeInvis .   l - +3 broad axe (vorpal)
rCold   + . .      Faith    .   I - +0 tower shield
rNeg    + . .      Spirit   .   D - +1 plate armour of Tifomp {rPois rN+ Regen+ Int+3}
rPois   +          Reflect  .   p - +2 hat
rElec   .          Harm     .   j - +0 cloak {Will+}
rCorr   .          Rampage  .   C - +0 pair of gloves
Will    +....                   n - +0 pair of boots
Stlth   ..........              (no amulet)
HPRegen 1.07/turn               x - ring of the Shrieking God {+Blink Fly rF+ Dex+5 Slay+3}
MPRegen 0.14/turn               f - ring of ice

@: flying
A: horns 2, retaliatory headbutt
a: Renounce Religion, Evoke Blink, Heroism, Finesse, Duel


You were on level 9 of the Dungeon.
You worshipped Okawaru.
Okawaru was extremely pleased with you.
You visited 2 branches of the dungeon, and saw 13 of its levels.
You also visited: Sewer, Ossuary and Bailey.

You collected 1176 gold pieces.
You spent 142 gold pieces at shops.

Inventory:

Hand Weapons
 l - a +3 vorpal broad axe (weapon)
 A - a +5 war axe of freezing
 G - a +1 flail of protection
Armour
 j - a +0 cloak of willpower (worn)
 n - a +0 pair of boots (worn)
 p - a +2 hat (worn)
 C - a +0 pair of gloves (worn)
 D - the +1 plate armour of Tifomp (worn) {rPois rN+ Regen+ Int+3}
   (Okawaru gifted it to you on level 9 of the Dungeon)

   Int:       It affects your intelligence (+3).
   rPois:     It protects you from poison.
   rN:        It protects you from negative energy.
   Regen:     It increases your rate of health regeneration.
 I - a +0 tower shield (worn)
Jewellery
 f - a ring of ice (right hand)
 x - the ring of the Shrieking God (left hand) {+Blink Fly rF+ Dex+5 Slay+3}
   (You found it on level 4 of the Dungeon)

   [ring of protection from fire]

   Dex:       It affects your dexterity (+5).
   Slay:      It affects your accuracy & damage with ranged weapons and melee
   (+3).
   rF:        It protects you from fire.
   Fly:       It grants you flight.
   +Blink:    It lets you blink.
 H - a ring of positive energy
Wands
 r - a wand of acid (4)
 y - a wand of paralysis (7)
 K - a wand of iceblast (8)
Scrolls
 g - 3 scrolls of identify
 h - a scroll of teleportation
 m - a scroll of fog
 q - 4 scrolls of enchant weapon
 s - 2 scrolls of enchant armour
 v - 2 scrolls of fear
 w - a scroll of brand weapon
 F - 2 scrolls of amnesia
Potions
 b - 7 potions of lignification
 c - a potion of ambrosia
 d - 4 potions of might
 e - a potion of invisibility
 i - 5 potions of heal wounds
 o - 7 potions of curing
 t - 2 potions of mutation
 u - 4 potions of brilliance
 B - 3 potions of berserk rage
 E - a potion of haste


   Skills:
 + Level 10.4 Fighting
 * Level 13.7 Axes
 + Level 10.4 Armour
 + Level 8.9 Dodging
 + Level 10.2 Shields
 + Level 6.2 Invocations


You had 11 spell levels left.
You didn't know any spells.
Your spell library contained the following spells:

 Spells                   Type           Power      Damage    Failure   Level
 Beastly Appendage        Tmut           0%         N/A       100%        1
 Slow                     Hex            0%         N/A       100%        1
 Ensorcelled Hibernation  Hex/Ice        0%         N/A       100%        2
 Passwall                 Tmut/Erth      0%         N/A       100%        2
 Poisonous Vapours        Pois/Air       0%         N/A       100%        2
 Static Discharge         Conj/Air       0%         N/A       100%        2
 Sublimation of Blood     Necr           0%         N/A       100%        2
 Wereblood                Tmut           0%         N/A       100%        2
 Confusing Touch          Hex            0%         N/A       100%        3
 Spider Form              Tmut/Pois      0%         N/A       100%        3
 Swiftness                Air            0%         N/A       100%        3
 Vampiric Draining        Necr           0%         2d6       100%        3
 Corpse Rot               Necr/Pois/Air  0%         N/A       100%        4
 Lightning Bolt           Conj/Air       0%         1d11      100%        5
 Borgnjor's Revivificati  Necr           0%         N/A       100%        8
 Maxwell's Capacitive Co  Air            0%         ∞         100%        8
 Necromutation            Tmut/Necr      0%         N/A       100%        8
 Death's Door             Necr           0%         N/A       100%        9
 Summon Hydra             Summ           Unusable   N/A       N/A         7

Dungeon Overview and Level Annotations

Branches:
Dungeon (12/15)            Temple (1/1) D:5            Lair (0/6) D:11
    Orc (0/2) D:10          Sewer (visited)         Ossuary (visited)
 Bailey (visited)

Altars:
Ashenzari
Cheibriados
Elyvilon
Gozag
Kikubaaqudgha
Makhleb
Okawaru
Ru
Sif Muna
Trog
Uskayaw
Yredelemnul

Shops:
D:11 [

Annotations:
D:10 Lodul


Innate Abilities, Weirdness & Mutations

You have a pair of horns on your head.
You reflexively headbutt those who attack you in melee.


Message History

The frost giant hits you with a +2 battleaxe of freezing!!
* * * LOW HITPOINT WARNING * * *
The frost giant freezes you.
* * * LOW HITPOINT WARNING * * *
You are too injured to fight recklessly!
You hit the frost giant.
The frost giant is heavily wounded.
The frost giant splashes around in the water.
Unknown command.
Aiming: Corrosive Bolt
Press: ? - help, Shift-Dir - straight line, f - frost giant
Aim: a frost giant, wielding a +2 battleaxe of freezing (water, heavily wounded, 98% to hit)
The bolt of acid hits the frost giant.
The acid corrodes the frost giant!
The frost giant is heavily wounded.
You block the frost giant's attack.
Aiming: Corrosive Bolt
Press: ? - help, Shift-Dir - straight line, f/p - frost giant
Aim: a frost giant, wielding a +2 battleaxe of freezing (water, heavily wounded, covered in acid, 98% to hit)
The bolt of acid hits the frost giant!
The frost giant seems to be corroded for longer.
The frost giant is severely wounded.
The frost giant casts a spell at you.
The bolt of cold hits you but does no damage.
Aiming: Corrosive Bolt
Press: ? - help, Shift-Dir - straight line, f/p - frost giant
Aim: a frost giant, wielding a +2 battleaxe of freezing (water, severely wounded, covered in acid, 98% to hit)
The bolt of acid misses the frost giant.
You are engulfed in freezing vapours.
You resist.
* * * LOW HITPOINT WARNING * * *
You block the frost giant's attack.
Aiming: Corrosive Bolt
Press: ? - help, Shift-Dir - straight line, f/p - frost giant
Aim: a frost giant, wielding a +2 battleaxe of freezing (water, severely wounded, covered in acid, 98% to hit)
The bolt of acid hits the frost giant!
The frost giant seems to be corroded for longer.
The frost giant is almost dead.
You are engulfed in freezing vapours.
You resist.
* * * LOW HITPOINT WARNING * * *
The frost giant hits you with a +2 battleaxe of freezing!!
You die...

## ###≈≈≈≈≈ ## #≈## ###
#≈≈≈≈≈≈≈ ## #..##≈≈≈# #^≈##
#≈≈≈≈≈≈≈ ≈≈# ##.?. ≈≈##≈≈≈≈#
#≈≈≈≈≈≈≈ #≈≈≈ #..(C
≈≈≈≈≈°≈≈###≈≈≈≈≈≈≈ #≈≈≈ ...
#≈≈≈°≈≈≈##≈≈≈≈≈≈≈≈ ≈≈##..
#≈≈°≈≈≈≈≈≈≈≈≈≈≈≈≈≈ ##≈#≈##
#≈°≈≈≈≈≈≈≈≈≈≈≈≈≈≈≈
#≈≈≈≈≈####@≈≈≈≈≈≈≈≈≈≈≈≈≈≈≈≈
#≈≈≈≈≈≈≈≈C≈≈≈≈≈≈≈≈≈≈≈≈≈≈≈≈≈
#.≈≈≈≈####≈≈≈≈≈≈≈≈≈≈≈≈≈≈≈≈≈≈≈
##≈≈≈≈ ##≈≈≈≈≈≈≈≈≈≈≈≈≈≈≈≈≈≈
####≈ ###≈≈≈≈≈≈≈≈.≈≈≈≈≈≈≈ ##
#≈≈≈≈≈≈≈≈≈≈≈≈≈≈≈≈
##≈≈≈≈≈≈≈≈≈≈≈≈≈≈≈
#≈≈≈≈≈≈≈≈≈≈≈≈≈≈≈
##≈≈≈≈≈≈≈≈≈≈≈≈≈≈≈


You could see a frost giant (corroded).

Vanquished Creatures
  An ice dragon (D:9)
  Erolcha (D:10)
  Erica (D:9)
  2 two-headed ogres (D:12)
  Sonja (D:10)
  2 deep elf pyromancers
  2 manticores
  A gargoyle (D:12)
  An ice statue (D:9)
  Maggie (D:10)
  Psyche (D:9)
  A kobold demonologist (D:7)
  4 trolls
  5 slime creatures (D:12)
  Sigmund (D:6)
  11 yaks
  3 wyverns
  2 wraiths
  3 basilisks
  An acid dragon (D:8)
  Duvessa (D:7)
  8 water moccasins
  6 orc warriors
  2 black bears (D:7)
  A hornet zombie (Ossuary)
  16 ice beasts
  3 ogres
  A sky beast (D:7)
  6 centaurs
  2 phantoms
  5 kobold brigands
  4 bullfrogs
  A scorpion (D:4)
  2 necrophages
  2 water moccasin zombies (Ossuary)
  Dowan (D:7)
  8 wights
  4 killer bees (D:9)
  2 howler monkeys
  4 electric eels (D:9)
  4 centaur zombies (Ossuary)
  8 bullfrog zombies (Ossuary)
  2 hounds
  3 jellies
  2 gnoll shamans
  10 orc priests
  3 iguanas
  Terence (D:2)
  16 orc wizards
  3 killer bee zombies (Ossuary)
  11 mummies (Ossuary)
  7 howler monkey zombies (Ossuary)
  9 gnolls
  16 adders
  5 river rats (Sewer)
  A shadow imp (D:6)
  3 white imps
  5 dart slugs
  57 orcs
  9 ball pythons
  2 bats
  8 endoplasms
  3 giant cockroaches
  13 goblins
  8 hobgoblins
  3 jackals (D:2)
  3 quokkas
  3 frilled lizards
  26 kobolds
  22 rats
390 creatures vanquished.

Vanquished Creatures (others)
  A fungus (D:11)
  10 plants
  4 withered plants (Ossuary)
15 creatures vanquished.

Grand Total: 405 creatures vanquished

Notes
Turn   | Place    | Note
-------+----------+-------------------------------------------
     0 | D:1      | inmateoo the Minotaur Fighter began the quest for the Orb.
     0 | D:1      | Reached XP level 1. HP: 19/19 MP: 0/0
   107 | D:1      | Reached XP level 2. HP: 17/27 MP: 1/1
   708 | D:1      | Reached skill level 3 in Axes
   805 | D:2      | Reached skill level 1 in Dodging
   805 | D:2      | Reached XP level 3. HP: 23/33 MP: 2/2
  1008 | D:2      | Reached XP level 4. HP: 39/40 MP: 3/3
  1216 | D:2      | Found a faded altar of an unknown god.
  1601 | D:3      | Noticed Terence
  1613 | D:2      | Reached skill level 4 in Axes
  1622 | D:2      | Killed Terence
  1623 | D:2      | Reached XP level 5. HP: 12/47 MP: 4/4
  2560 | D:4      | Noticed an ogre
  2583 | D:4      | Killed an ogre
  2584 | D:4      | Reached XP level 6. HP: 53/53 MP: 5/5
  2711 | D:4      | Reached skill level 5 in Axes
  2740 | D:4      | Reached skill level 5 in Fighting
  2740 | D:4      | Reached skill level 5 in Armour
  2742 | D:4      | Reached skill level 5 in Shields
  2742 | D:4      | Reached XP level 7. HP: 17/61 MP: 6/6
  2999 | D:4      | Found a glowing drain.
  3009 | Sewer    | Entered a sewer
  3192 | Sewer    | Reached skill level 6 in Axes
  3616 | D:4      | Identified the ring of the Shrieking God {+Blink Fly rF+
                  | Dex+5 Slay+3}
  4098 | D:5      | Entered Level 5 of the Dungeon
  4102 | D:5      | Found a sand-covered staircase.
  4116 | Ossuary  | Entered an ossuary
  4184 | Ossuary  | Reached XP level 8. HP: 64/70 MP: 7/7
  4209 | Ossuary  | Reached skill level 7 in Axes
  4620 | Ossuary  | Reached skill level 8 in Axes
  4749 | D:5      | Reached skill level 5 in Dodging
  4787 | D:5      | Identified the +3 mace "Voigug" {vorpal, Int+2}
  4973 | D:5      | Reached XP level 9. HP: 47/78 MP: 8/8
  5349 | D:5      | Found a staircase to the Ecumenical Temple.
  5484 | Temple   | Entered the Ecumenical Temple
  5554 | Temple   | Became a worshipper of Warmaster Okawaru
  6070 | D:6      | Reached skill level 9 in Axes
  6154 | D:6      | Noticed Sigmund
  6162 | D:6      | Killed Sigmund
  6163 | D:6      | Reached skill level 1 in Invocations
  6491 | D:6      | Reached * piety under Okawaru
  6753 | D:7      | Found a flagged portal.
  6799 | Bailey   | Entered a bailey
  6857 | Bailey   | Reached skill level 10 in Axes
  6935 | Bailey   | Reached ** piety under Okawaru
  6946 | Bailey   | Reached XP level 10. HP: 88/88 MP: 10/10
  7050 | Bailey   | Found a bloodstained altar of Trog.
  7279 | D:7      | Noticed Dowan
  7280 | D:7      | Noticed Duvessa
  7286 | D:7      | Killed Duvessa
  7298 | D:7      | Killed Dowan
  7638 | D:7      | Found a shimmering blue altar of Sif Muna.
  7847 | D:8      | Noticed a manticore
  7856 | D:8      | Killed a manticore
  8233 | D:8      | Identified the +0 helmet of Yrauces {*Corrode rF+ Str+3}
  8426 | D:8      | Reached *** piety under Okawaru
  8973 | D:7      | Noticed a white ugly thing
  8974 | D:7      | Noticed a two-headed ogre
  8974 | D:7      | Noticed a red ugly thing
  8974 | D:7      | Noticed a deep elf pyromancer
  8987 | D:7      | Killed a deep elf pyromancer
  8988 | D:7      | Reached skill level 11 in Axes
  9472 | D:9      | You are sucked into a shaft and drop 3 floors!
  9509 | D:12     | Noticed a manticore
  9510 | D:12     | Noticed a two-headed ogre
  9523 | D:12     | Killed a manticore
 10079 | D:12     | Killed a two-headed ogre
 10079 | D:12     | Reached **** piety under Okawaru
 10317 | D:12     | Reached XP level 11. HP: 71/95 MP: 13/13
 10445 | D:12     | Noticed a deep elf pyromancer
 10449 | D:12     | Noticed a two-headed ogre
 10459 | D:12     | Killed a deep elf pyromancer
 10752 | D:12     | Killed a two-headed ogre
 10997 | D:12     | Reached ***** piety under Okawaru
 10998 | D:12     | Reached skill level 12 in Axes
 11982 | D:11     | Found Uqopn's Antique Armour Boutique.
 11994 | D:11     | Reached skill level 5 in Invocations
 11996 | D:11     | Bought a runed cloak for 142 gold pieces
 12098 | D:11     | Found a staircase to the Lair.
 12116 | D:12     | Received a gift from Okawaru
 12520 | D:11     | Identified the +1 scale mail of Purpose {Dex+4}
 12538 | D:10     | Entered Level 10 of the Dungeon
 12546 | D:10     | Noticed Erolcha
 12546 | D:10     | Noticed Sonja
 12554 | D:10     | Killed Erolcha
 12558 | D:10     | Killed Sonja
 12583 | D:10     | Received a gift from Okawaru
 12588 | D:10     | Reached skill level 13 in Axes
 12647 | D:10     | Noticed Lodul
 12659 | D:10     | Noticed Maggie
 12673 | D:10     | Killed Maggie
 12674 | D:10     | Reached skill level 10 in Armour
 12975 | D:10     | Found a staircase to the Orcish Mines.
 13196 | D:9      | Reached XP level 12. HP: 98/106 MP: 15/15
 13200 | D:9      | Reached skill level 10 in Fighting
 13476 | D:9      | Reached skill level 10 in Shields
 13499 | D:9      | Noticed Psyche
 13505 | D:9      | Killed Psyche
 13703 | D:9      | Noticed Erica
 13711 | D:9      | Killed Erica
 13711 | D:9      | Identified the +1 plate armour of Tifomp {rPois rN+ Regen+
                  | Int+3} (Okawaru gifted it to you on level 9 of the Dungeon)
 13711 | D:9      | Received a gift from Okawaru
 14092 | D:9      | Noticed an ice dragon
 14102 | D:9      | Killed an ice dragon
 14193 | D:9      | Noticed a frost giant
 14215 | D:9      | Slain by a frost giant

Illustrated notes

Levels and vault maps discovered:
D:1:      dpeg_arrival_rooms_b, layout_rooms, serial_forest,
          infiniplex_forest_end_2, infiniplex_forest_end_2,
          infiniplex_forest_lined_3, infiniplex_forest_straight_5,
          infiniplex_forest_clump_curved, infiniplex_forest_end_1,
          infiniplex_forest_corner_1, nrook_mini_vaults, st_stairs_13,
          minmay_heptomino_h4
D:2:      layout_loops_cross, basic_ecumenical_altar, lexackson_kobold_supper
D:3:      layout_basic, uniq_terence
D:4:      layout_cave_pods, portal_sewer_entry_d, hangedman_feature_mirror
D:5:      layout_basic, minmay_temple_entry_metal_lava, enter_ossuary_1
D:6:      layout_basic, uniq_sigmund
D:7:      minmay_klotski, layout_rooms, lemuel_blue_sif_altar, enter_bailey_3,
          uniq_duvessa
D:8:      nicolae_cairo_tiling, layout_basic, serial_curves, eino_curves_01,
          eino_curves_02, dreamdust_princess_bridge
D:9:      minmay_twisted_water, layout_gridville, uniq_erica, uniq_psyche
D:10:     layout_roguey, hiddenorc2_lemuel, uniq_erolcha, uniq_maggie,
          uniq_lodul, uniq_sonja
D:11:     layout_long_grid, minmay_lair_entry_grove, serial_shops,
          nicolae_shop_waterfront
D:12:     layout_cross, minmay_misc_feat_diagonals
Temple:   regret_index_temple_sigil_plot

Skill      XL: |  1  2  3  4  5  6  7  8  9 10 11 12 |
---------------+-------------------------------------+-----
Axes           | 3 4 5 6 8 10 11 13 | 13.7
Fighting       | 4 5 6 7 8 9 10 | 10.4
Armour         | 4 5 6 7 8 10 | 10.4
Dodging        | 1 2 3 5 6 7 8 |  8.9
Shields        | 4 5 6 7 8 9 10 | 10.2
Invocations    | 2 4 5 6 |  6.2

Action                   |  1- 3 |  4- 6 |  7- 9 | 10-12 || total
-------------------------+-------+-------+-------+-------++-------
Melee: War axe           |    66 |    98 |   394 |   146 ||   704
       Headbutt          |    10 |    11 |    79 |    79 ||   179
       Broad axe         |       |       |       |   213 ||   213
Invok: Heroism           |       |       |       |     1 ||     1
Evoke: Wand              |       |     3 |       |    17 ||    20
  Use: Scroll            |       |     4 |     3 |    19 ||    26
       Potion            |       |     1 |       |     2 ||     3
 Stab: Paralysed         |       |       |       |     4 ||     4
Armor: Scale mail        |    27 |    20 |       |       ||    47
       Chain mail        |       |    33 |   230 |   150 ||   413
       Skin              |       |     1 |       |       ||     1
       Plate armour      |       |       |       |    19 ||    19
Dodge: Dodged            |    31 |    43 |   176 |   107 ||   357
Block: Buckler           |    18 |    20 |    75 |       ||   113
       Tower shield      |       |       |   117 |   352 ||   469

Table legend: (Time is in decaauts)
 A = Elapsed time spent in this place.
 B = Non-inter-level travel time spent in this place.
 C = Inter-level travel time spent in this place.
 D = Time resting spent in this place.
 E = Time spent auto-exploring this place.
 F = Levels seen in this place.
 G = Mean time per level.
                   A        B        C        D        E       F      G
               +--------+--------+--------+--------+--------+-----+--------+
         Total |  14557 |  14171 |    386 |   5678 |   5576 |  16 |  909.8 |
       Dungeon |  12893 |  12520 |    373 |   4929 |   5282 |  12 | 1074.4 |
        Temple |     84 |     71 |     13 |      0 |     58 |   1 |   84.0 |
         Sewer |    554 |    554 |      0 |    274 |     92 |   1 |  554.0 |
       Ossuary |    676 |    676 |      0 |    301 |     76 |   1 |  676.0 |
        Bailey |    349 |    349 |      0 |    174 |     67 |   1 |  349.0 |
               +--------+--------+--------+--------+--------+-----+--------+

Top non-repeatable levels by time:
    D:12: 2609 daAuts
     D:8: 1448 daAuts
     D:4: 1202 daAuts
     D:2: 1099 daAuts
     D:5: 1096 daAuts
     D:9: 1069 daAuts
     D:7: 1057 daAuts
     D:1: 782 daAuts
     D:3: 725 daAuts
 Ossuary: 676 daAuts
    D:10: 655 daAuts
     D:6: 654 daAuts
   Sewer: 554 daAuts
    D:11: 494 daAuts
  Bailey: 349 daAuts
